 Dungeon Crawl Stone Soup version 0.30.0-29-ga12c61a403 (webtiles) character file.

Game seed: 7197031130833403671

1057 seaoflcl the Chopper (level 8, 0/70 HPs)
             Began as a Minotaur Fighter on June 14, 2023.
             Slain by Sigmund
             ... wielding a +0 scythe
              (4 damage)
             ... on level 4 of the Dungeon.
             The game lasted 00:03:44 (3539 turns).

seaoflcl the Chopper (Minotaur Fighter)             Turns: 3539, Time: 00:03:44

Health: 0/70       AC: 10    Str: 23    XL:     8   Next: 6%
Magic:  7/7        EV:  8    Int:  5    God:
Gold:   186        SH:  5    Dex: 10    Spells: 7/7 levels left

rFire   . . .        a - +0 war axe
rCold   . . .        c - +0 buckler
rNeg    . . .        h - +0 chain mail
rPois   .            (helmet restricted)
rElec   .            (no cloak)
rCorr   .            (no gloves)
SInv    .            (no boots)
Will    .....        (no amulet) Stlth
                     (no ring)
HPRegen 0.31/turn    (no ring)
MPRegen 0.10/turn

%: no passive effects
@: mighty
A: horns 2, retaliatory headbutt
a: no special abilities


You were on level 4 of the Dungeon.
You visited 1 branch of the dungeon, and saw 4 of its levels.
You also visited: Ossuary.

You collected 186 gold pieces.

Inventory:

Hand Weapons
 a - a +0 war axe (weapon)
 q - a +3 flail of protection
Missiles
 g - 26 poisoned darts (quivered)
 j - 3 curare-tipped darts
Armour
 c - a +0 buckler (worn)
 h - a +0 chain mail (worn)
Jewellery
 k - an amulet of the acrobat
Scrolls
 f - a scroll of fear
 i - a scroll of noise {unknown}
 l - 4 scrolls of blinking
 m - a scroll of immolation {unknown}
 o - a scroll of vulnerability {unknown}
 r - a scroll of amnesia {unknown}
 u - a scroll of teleportation {unknown}
Potions
 b - a potion of ambrosia
 e - a potion of heal wounds {unknown}
 n - a potion of flight {unknown}
 p - a potion of lignification {unknown}
 s - 3 potions of curing {unknown}
 t - a potion of brilliance {unknown}
 v - a potion of mutation {unknown}
 w - 2 potions of berserk rage {unknown}


   Skills:
 + Level 5.9 Fighting
 * Level 7.2(7.6) Axes
 + Level 3.0(5.5) Maces & Flails
 + Level 5.9 Armour
 + Level 6.0 Shields


You had 7 spell levels left.
You didn't know any spells.
Your spell library contained the following spells:

 Spells                   Type           Power      Damage    Failure   Level
 Gell's Gravitas          Tloc           0%         N/A       100%        3
 Teleport Other           Tloc           0%         N/A       100%        3
 Dispersal                Tloc           0%         N/A       100%        6


Dungeon Overview and Level Annotations

Branches:
Dungeon (4/15)            Ossuary (visited)
 Temple: D:4-7

Altars:
Nemelex Xobeh
Trog
Wu Jian
Yredelemnul

Annotations:
D:4 Eustachio, Sigmund


Innate Abilities, Weirdness & Mutations

You have a pair of horns on your head.
You reflexively headbutt those who attack you in melee.


Message History

You are constricted.
Eustachio hits you with a +0 rapier. Something hits you.
You are constricted.
You slash Eustachio!
Eustachio is moderately wounded.
Eustachio hits you with a +0 rapier.
Eustachio mumbles some strange words.
You slash Eustachio! Your headbutt misses Eustachio.
Eustachio is severely wounded.
Something hits you!
You are constricted.
You block Eustachio's attack.
You completely miss Eustachio.
Eustachio is severely wounded.
Eustachio completely misses you. Something hits you.
You are constricted.
Eustachio hits you with a +0 rapier. The ufetubus barely misses you.
The ufetubus hits you.
The grasping roots release their grip on you.
Unknown command.
You feel very mighty all of a sudden. You block Eustachio's attack.
The ufetubus hits you but does no damage. x2
Something hits you. Eustachio hits you with a +0 rapier.
You barely miss Eustachio. You headbutt Eustachio.
Eustachio is severely wounded.
You slash the ufetubus!
You kill the ufetubus!
The ufetubus disappears in a puff of smoke!
Eustachio hits you with a +0 rapier.
You closely miss Eustachio.
Eustachio is severely wounded.
Eustachio hits you with a +0 rapier.
* * * LOW HITPOINT WARNING * * *
Something hits you!
* * * LOW HITPOINT WARNING * * *
Eustachio mumbles some strange words.
Eustachio blinks!
Something hits you.
* * * LOW HITPOINT WARNING * * *
You hit something. You headbutt something!
Eustachio casts a spell.
Eustachio mumbles some strange words.
Eustachio blinks!
Something hits you.
You die...

........# #.......# ###
#.......# # ###..
#.......# . ..#.#
#....§..# # #.#.#####
#..5...@# #.......#
#.{.....# #.......#
#.@.....#
###.......######'########
†......................>#
###.#################..##
.................#.....#
....############.......#
....# #.......# ....#####
#........# ........+
............


You could see Eustachio (fast) and an iron imp (summoned).

Vanquished Creatures
  Edmund (D:4)
  2 ogres
  3 elf zombies (Ossuary)
  4 centaur zombies (Ossuary)
  5 human zombies (Ossuary)
  A jelly (D:4)
  2 orc wizards
  Natasha (twice) (D:4)
  4 mummies
  Robin (D:3)
  4 adders
  A worm (D:2)
  A dart slug (D:4)
  10 orcs
  6 ball pythons
  5 endoplasms
  10 goblins
  8 hobgoblins
  3 quokkas
  5 bats
  A frilled lizard (D:1)
  3 kobolds
  4 rats (D:2)
86 creatures vanquished.

Notes
Turn   | Place    | Note
-------+----------+-------------------------------------------
     0 | D:1      | seaoflcl the Minotaur Fighter began the quest for the Orb.
     0 | D:1      | Reached XP level 1. HP: 19/19 MP: 0/0
   650 | D:1      | Reached XP level 2. HP: 26/27 MP: 1/1
   854 | D:2      | Reached skill level 3 in Axes
   874 | D:2      | Reached XP level 3. HP: 19/33 MP: 2/2
  1051 | D:2      | Found a bloodstained altar of Trog.
  1479 | D:2      | Reached XP level 4. HP: 40/40 MP: 3/3
  1684 | D:3      | Found an ornate altar of the Wu Jian Council.
  1743 | D:3      | Noticed an ogre
  1749 | D:3      | Reached skill level 4 in Axes
  1752 | D:3      | HP: 1/41 [ogre/+0 giant club (24)]
  1753 | D:3      | Killed an ogre
  1754 | D:3      | Reached XP level 5. HP: 1/47 MP: 4/4
  2198 | D:3      | Noticed Robin
  2206 | D:3      | Killed Robin
  2207 | D:3      | Reached skill level 5 in Axes
  2301 | D:3      | Found a faded altar of an unknown god.
  2556 | D:4      | Noticed Edmund
  2563 | D:4      | Found a basalt altar of Yredelemnul.
  2595 | D:4      | Killed Edmund
  2596 | D:4      | Reached skill level 5 in Fighting
  2596 | D:4      | Reached skill level 5 in Armour
  2596 | D:4      | Reached skill level 5 in Shields
  2596 | D:4      | Reached XP level 6. HP: 24/56 MP: 5/5
  2744 | D:4      | Found a sparkling altar of Nemelex Xobeh.
  2789 | D:4      | Found a sand-covered staircase.
  2803 | Ossuary  | Entered an ossuary
  2895 | Ossuary  | Reached skill level 1 in Maces & Flails
  2902 | Ossuary  | Reached skill level 6 in Axes
  2902 | Ossuary  | Reached XP level 7. HP: 48/61 MP: 6/6
  3203 | D:4      | Noticed Natasha
  3211 | D:4      | Killed Natasha
  3212 | D:4      | Reached skill level 7 in Axes
  3274 | D:4      | Noticed Natasha
  3283 | D:4      | Killed Natasha
  3346 | D:4      | Reached XP level 8. HP: 43/70 MP: 7/7
  3527 | D:4      | Noticed Eustachio
  3528 | D:4      | Noticed Sigmund
  3539 | D:4      | Slain by Sigmund

Illustrated notes

Levels and vault maps discovered:
D:1:      amcnicky_arrival_abandoned_market, layout_loops_ring
D:2:      layout_loops_cross, basic_altar, kennysheep_generic_room_15
D:3:      layout_basic, mainiacjoe_overflow_alcove_4,
          hellmonk_ecumenical_altar_lost_god, feat_on_display, uniq_robin
D:4:      layout_basic, mainiacjoe_overflow_surrounded_room,
          nemelex_altar_shiori, gup_ossuary_entry_pyramid,
          small_statue_intersection, nicolae_shop_vocational, uniq_sigmund,
          uniq_eustachio, uniq_edmund, uniq_natasha

Skill      XL: |  1  2  3  4  5  6  7 |
---------------+----------------------+-----
Axes           | 3 4 5 6 7 |  7.2
Fighting       | 4 5 |  5.9
Armour         | 4 5 |  5.9
Shields        | 4 5 6 |  6.0
Maces & Flails | 1 3 |  3.0

Action                     |  1- 3 |  4- 6 |  7- 9 || total
---------------------------+-------+-------+-------++-------
  Melee: War axe           |    66 |   119 |    95 ||   280
         Headbutt          |     7 |    23 |    23 ||    53
    Use: Scroll            |       |       |     4 ||     4
         Potion            |       |       |     1 ||     1
 Armour: Chain mail        |    32 |    69 |    31 ||   132
         Scale mail        |     4 |       |       ||     4
  Dodge: Dodged            |    25 |    38 |    29 ||    92
  Block: Buckler           |    12 |    23 |    23 ||    58
